 Dungeon Crawl Stone Soup version 0.31-a0-188-g5e087ee2ca (webtiles) character file.

Game seed: 7777603185753727058

329 qw the Skirmisher (level 6, -4/36 HPs)
             Began as a Deep Elf Hunter on June 23, 2023.
             Slain by Grinder (6 damage)
             ... in a sewer.
             The game lasted 00:01:18 (3246 turns).

qw the Skirmisher (Deep Elf Hunter)                 Turns: 3246, Time: 00:01:19

Health: -4/36      AC:  8    Str: 10    XL:     6   Next: 25%
Magic:  8/8        EV:  9    Int: 14    God:
Gold:   212        SH:  0    Dex: 18    Spells: 5/5 levels left

rFire   + . .        Y - +0 shortbow
rCold   . . .        (shield currently unavailable)
rNeg    . . .        d - +1 scale mail {rF+}
rPois   .            c - +0 helmet
rElec   .            (no cloak)
rCorr   .            (no gloves)
SInv    .            (no boots)
Will    .....        (no amulet)
Stlth   +            (no ring)
HPRegen 0.26/turn    (no ring)
MPRegen 0.11/turn

%: no passive effects
@: no status effects
A: no striking features
a: no special abilities


You were in a sewer.
You visited 1 branch of the dungeon, and saw 3 of its levels.
You also visited: Sewer.

You collected 212 gold pieces.


   Skills:
 - Level 2.5 Fighting
 + Level 9.0 Ranged Weapons
 - Level 1.4 Armour
 - Level 2.4 Dodging
 - Level 1.2 Stealth


You had 5 spell levels left.
You didn't know any spells.
Your spell library was empty.

Inventory:

Hand Weapons
 Y - a +0 shortbow (weapon)
Armour
 c - a +0 helmet (worn)
 d - a +1 scale mail of fire resistance (worn)
Potions
 a - a potion of mutation {unknown}
 e - a potion of curing {unknown}
 f - a potion of heal wounds {unknown}

Dungeon Overview and Level Annotations

Branches:
Dungeon (3/15)              Sewer (1/1)

Altars:

Annotations:
Sewer Grinder


Message History

Your Fighting skill increases to level 2!
You have reached level 6!
3229 ||| FLEEEEING.
3230 ||| FLEEEEING.
You shoot an arrow. The arrow closely misses the kobold.
The kobold hits you but does no damage. x2
You shoot an arrow. The arrow hits the kobold.
You kill the kobold!
3233 ||| STILL FLEEEEING.
3234 ||| STILL FLEEEEING.
You shoot an arrow. The arrow closely misses Grinder.
You shoot an arrow. The arrow barely misses Grinder.
You shoot an arrow. The arrow hits Grinder.
Grinder is lightly wounded.
You shoot an arrow. The arrow hits Grinder!
Grinder is moderately wounded.
Grinder hits you.
You writhe in agony.
You shoot an arrow.
The arrow hits Grinder but does no damage.
Grinder is moderately wounded.
Grinder hits you but does no damage.
You shoot an arrow. The arrow hits Grinder.
Grinder is moderately wounded.
Grinder barely misses you. Grinder hits you but does no damage.
You shoot an arrow. The arrow closely misses Grinder.
Grinder hits you but does no damage.
You shoot an arrow. The arrow barely misses Grinder.
Grinder splashes around in the water.
You shoot an arrow. The arrow closely misses Grinder.
Grinder blinks!
You shoot an arrow. The arrow barely misses Grinder.
Grinder hits you but does no damage.
You shoot an arrow. The arrow hits Grinder.
Grinder is heavily wounded.
Grinder hits you.
You writhe in agony.
You shoot an arrow.
The arrow hits Grinder but does no damage.
Grinder is heavily wounded.
Grinder hits you.
You writhe in agony.
You die...

..#~~~~~~~ ~.~~~~~~~~ #
~.#~~~~~~~ ~#
~.##################.##
~.#~~~~~~~~~~~~~~.'.~~#
~.#~~~~~~~~~~~~~.)#.~~#
~.#~~~~~~~~~~~~~~.# ~~#
~.#~~~~~~~~~~~~~~.# ~#
~.#~~~~~~~~~~~~~@.# #
..# ~~~~~~~~~~~.5.# ~#
~.####~#~~###~#.### .##
~)#.......%.....~~#)..#
~.)............~~~~)).'
~.#.............~~#...#
~####~##~##~###.### .##
~ ~~~~~~~~~~~~...# ~#
~~~~~~~~~~~~~~~~..# #


You could see Grinder.

Vanquished Creatures
  A kobold brigand (Sewer)
  A quasit (Sewer)
  An orc priest (D:3)
  Robin (D:2)
  2 adders (D:3)
  4 shadow imps (Sewer)
  5 ufetubi (Sewer)
  2 dart slugs
  5 orcs (D:3)
  3 bats
  5 endoplasms
  7 giant cockroaches
  14 goblins
  13 hobgoblins
  5 jackals
  4 quokkas
  2 ball pythons (D:3)
  2 frilled lizards
  18 kobolds
  5 rats
100 creatures vanquished.

Vanquished Creatures (others)
  An endoplasm (Sewer)
1 creature vanquished.

Grand Total: 101 creatures vanquished

Notes
Turn   | Place    | Note
-------+----------+-------------------------------------------
     0 | D:1      | qw the Deep Elf Hunter began the quest for the Orb.
     0 | D:1      | Reached XP level 1. HP: 12/12 MP: 3/3
     0 | D:1      | 0 ||| qw: Version: 0.3-a-9-g12657ce
     0 | D:1      | 0 ||| qw: Game counter: 3724
     0 | D:1      | 0 ||| qw: Always use a shield: true
     0 | D:1      | 0 ||| qw: God list: Okawaru
     0 | D:1      | 0 ||| qw: Allow faded altars: false
     0 | D:1      | 0 ||| qw: Do Orc after D:15 true
     0 | D:1      | 0 ||| qw: Do second Lair branch before Depths: true
     0 | D:1      | 0 ||| qw: Lair rune preference: random
     0 | D:1      | 0 ||| qw: Plans: Normal
     0 | D:1      | 0 ||| PLANNING D:1-11
   291 | D:1      | Reached XP level 2. HP: 9/16 MP: 4/4
   295 | D:1      | Reached skill level 6 in Ranged Weapons
  1343 | D:1      | 1343 ||| UPGRADING to +1 scale mail of fire resistance.
  1353 | D:1      | 1353 ||| DROPPING +0 leather armour.
  1354 | D:1      | 1354 ||| READING scroll labelled ASMUELL EVASSUU.
  1355 | D:1      | 1355 ||| DROPPING scroll of butterflies.
  1494 | D:2      | Reached XP level 3. HP: 15/20 MP: 5/5
  1494 | D:2      | 1494 ||| FLEEEEING.
  1495 | D:2      | 1495 ||| FLEEEEING.
  1496 | D:2      | 1496 ||| FLEEEEING.
  1497 | D:2      | 1497 ||| FLEEEEING.
  1498 | D:2      | 1498 ||| STAIRDANCE
  1724 | D:2      | Reached skill level 7 in Ranged Weapons
  1731 | D:2      | Identified the +7 dagger "Koakizon" {venom, Dex+5}
  1779 | D:2      | 1779 ||| FLEEEEING.
  1780 | D:2      | 1780 ||| FLEEEEING.
  1860 | D:2      | Noticed Robin
  1870 | D:2      | Killed Robin
  1871 | D:2      | Reached XP level 4. HP: 15/25 MP: 6/6
  2183 | D:2      | 2183 ||| UPGRADING to +0 helmet.
  2188 | D:2      | 2188 ||| READING scroll labelled OPEHUI BAPAI.
  2220 | D:3      | 2220 ||| PLANNING SEWER
  2338 | D:3      | Reached skill level 8 in Ranged Weapons
  2627 | D:3      | 2627 ||| FLEEEEING.
  2628 | D:3      | 2628 ||| FLEEEEING.
  2629 | D:3      | 2629 ||| FLEEEEING.
  2661 | D:3      | Reached XP level 5. HP: 29/29 MP: 7/7
  2753 | D:3      | Found a glowing drain.
  2754 | D:3      | 2754 ||| DROPPING amulet of magic regeneration.
  2755 | D:3      | 2755 ||| READING scroll labelled KEEQ OTATOUTAM.
  2756 | D:3      | 2756 ||| READING 2 scrolls labelled OZAHONK LIATO.
  2757 | D:3      | 2757 ||| READING scroll labelled VOSTRAWKAEZA.
  2758 | D:3      | 2758 ||| DROPPING scroll of fog.
  2767 | Sewer    | Entered a sewer
  2790 | Sewer    | 2790 ||| FLEEEEING.
  2791 | Sewer    | 2791 ||| FLEEEEING.
  2792 | Sewer    | 2792 ||| FLEEEEING.
  2793 | Sewer    | 2793 ||| FLEEEEING.
  2794 | Sewer    | 2794 ||| FLEEEEING.
  2795 | Sewer    | 2795 ||| FLEEEEING.
  2796 | Sewer    | 2796 ||| FLEEEEING.
  2797 | Sewer    | 2797 ||| FLEEEEING.
  2798 | Sewer    | 2798 ||| FLEEEEING.
  2800 | Sewer    | 2800 ||| FLEEEEING.
  2801 | Sewer    | 2801 ||| FLEEEEING.
  2871 | Sewer    | 2871 ||| Stepping ~*~*~tactically~*~*~ (outnumbered).
  2875 | Sewer    | 2875 ||| Stepping ~*~*~tactically~*~*~ (outnumbered).
  2880 | Sewer    | HP: 6/29 [poisoned by a kobold]
  3040 | Sewer    | Reached skill level 9 in Ranged Weapons
  3063 | Sewer    | Reached skill level 1 in Armour
  3077 | Sewer    | 3077 ||| FLEEEEING.
  3078 | Sewer    | 3078 ||| FLEEEEING.
  3079 | Sewer    | 3079 ||| FLEEEEING.
  3144 | Sewer    | 3144 ||| FLEEEEING.
  3211 | Sewer    | Noticed Grinder
  3227 | Sewer    | HP: 7/30 [kobold brigand/+0 short sword (4)]
  3229 | Sewer    | Reached XP level 6. HP: 9/36 MP: 8/8
  3229 | Sewer    | 3229 ||| FLEEEEING.
  3230 | Sewer    | 3230 ||| FLEEEEING.
  3245 | Sewer    | HP: 6/36 [Grinder (6)]
  3246 | Sewer    | HP: 2/36 [Grinder (4)]
  3246 | Sewer    | Slain by Grinder

Levels and vault maps discovered:
D:1:      roderic_lyre, layout_basic, ebering_dispersal_statue_hall
D:2:      minmay_general_purpose_star, layout_basic, uniq_robin
D:3:      layout_loops_ring, portal_sewer_entry_d, nicolae_the_louvre
Sewer:    kennysheep_sewer_church

Skill      XL: |  1  2  3  4  5 |
---------------+----------------+-----
Ranged Weapons | 6 7 8 9 |  9.0
Armour         | 1 |  1.4
Fighting       | 2 |  2.5
Dodging        | |  2.4
Stealth        | |  1.2

Action                     |  1- 3 |  4- 6 || total
---------------------------+-------+-------++-------
   Fire: Shortbow          |   120 |   208 ||   328
    Use: Scroll            |     1 |     4 ||     5
 Armour: Leather armour    |     6 |       ||     6
         Scale mail        |     3 |    45 ||    48
  Dodge: Dodged            |    17 |    50 ||    67

Table legend:
 A = Non-vault XP
 B = Vault XP
 C = Vault XP percentage of total XP
 D = Non-vault monster count
 E = Vault monster count
 F = Vault count percentage of total count
                 A         B        C        D         E       F
            +---------+---------+-------+---------+---------+-------
      Total |     157 |     313 |  66.6 |      54 |      46 |  46.0
            +---------+---------+-------+---------+---------+-------
        D:1 |      37 |       0 |   0.0 |      21 |       0 |   0.0
        D:2 |      26 |      40 |  60.6 |      13 |      14 |  51.9
        D:3 |      94 |      13 |  12.1 |      20 |       1 |   4.8
      Sewer |       0 |     260 | 100.0 |       0 |      31 | 100.0
            +---------+---------+-------+---------+---------+-------
